 Dungeon Crawl Stone Soup version 0.29.0-10-g45618ea6d2 (webtiles) character file.

Game seed: 13097281705418061774

755 Zeldest the Insei (level 7, -4/48 HPs)
             Began as an Octopode Transmuter on Sept 2, 2022.
             Slain by a sky beast (5 damage)
             ... on level 6 of the Dungeon.
             The game lasted 00:05:09 (2883 turns).

Zeldest the Insei (Octopode Transmuter)             Turns: 2883, Time: 00:05:10

Health: -4/48      AC:  1    Str:  9    XL:     7   Next: 79%
Magic:  8/10       EV: 13    Int: 18    God:
Gold:   217        SH:  0    Dex: 18    Spells: 3/10 levels left

rFire   . . .      SeeInvis .     - Unarmed
rCold   . . .      Faith    .   (no shield)
rNeg    . . .      Spirit   .   (helmet currently unavailable)
rPois   .          Reflect  .   l - amulet of regeneration
rElec   .          Harm     .   r - +6 ring of dexterity
rCorr   .          Rampage  .   (no ring)
Will    .....                   (no ring)
Stlth   +++.......              (no ring)
HPRegen 0.96/turn               (no ring)
MPRegen 0.12/turn               (no ring)
                                (no ring)
                                (no ring)

@: appendages, wereblooded
A: tentacle spike 3, almost no armour, amphibious, 8 rings, camouflage 1,
gelatinous body 1, (nimble swimmer 1), tentacles
a: End Transformation


You were on level 6 of the Dungeon.
One of your tentacles had grown a beastly spike.
You visited 1 branch of the dungeon, and saw 6 of its levels.

You collected 217 gold pieces.

Inventory:

Jewellery
 l - an amulet of regeneration (around mantle)
 r - a +6 ring of dexterity (left tentacle)
Wands
 m - a wand of iceblast (3)
 s - a wand of polymorph (3)
Scrolls
 b - a scroll of noise {unknown}
 e - 4 scrolls of identify {unknown}
 g - 2 scrolls of torment {unknown}
 n - a scroll of silence {unknown}
 o - a scroll of amnesia {unknown}
 q - a scroll of vulnerability {unknown}
Potions
 c - 2 potions of cancellation {unknown}
 d - a potion of attraction {unknown}
 f - 3 potions of curing {unknown}
 h - a potion of invisibility {unknown}
 i - a potion of flight {unknown}
 j - a potion of degeneration {unknown}
 k - a potion of haste {unknown}
 p - a potion of heal wounds {unknown}


   Skills:
 + Level 4.1 Fighting
 - Level 2.0 Dodging
 + Level 5.2 Unarmed Combat
 - Level 2.0 Spellcasting
 + Level 4.5 Transmutations
 + Level 3.9 Ice Magic


You had 3 spell levels left.
You knew the following spells:

 Your Spells              Type           Power      Damage    Failure   Level
a - Beastly Appendage     Tmut           36%        N/A       2%          1
b - Wereblood             Tmut           18%        N/A       4%          2
c - Ice Form              Ice/Tmut       16%        N/A       32%         4

Your spell library contained the following spells:

 Spells                   Type           Power      Damage    Failure   Level
 Passwall                 Tmut/Erth      7%         N/A       11%         2
 Ensorcelled Hibernation  Hex/Ice        16%        N/A       12%         2
 Necrotise                Necr           4%         1d4       19%         1
 Spider Form              Tmut/Pois      9%         N/A       22%         3
 Swiftness                Air            1%         N/A       47%         3
 Vampiric Draining        Necr           1%         2d6       47%         3
 Agony                    Necr           1%         N/A       99%         5


Dungeon Overview and Level Annotations

Branches:
Dungeon (7/15)
 Temple: D:4-7

Altars:
Fedhas
Nemelex Xobeh
Ru
Sif Muna
Wu Jian
Zin

Annotations:
D:7 exclusions: troll and water moccasin, Maggie


Innate Abilities, Weirdness & Mutations

One of your tentacles has grown a beastly spike.
You cannot wear most types of armour.
You are amphibious.
You can wear up to eight rings at the same time.
Your skin changes colour to match your surroundings (Stealth+).
Your rubbery body absorbs attacks. (AC +1, EV +1)
((You are camouflaged when in or above water. (Stealth+)))
You have tentacles for arms and can constrict up to eight enemies at once.


Message History

The sky beast barely misses you.
You climb upwards.
There is a stone staircase leading down here.
Casting: Wereblood (safe; 4% risk of failure)
Confirm with . or Enter, or press ? or * to list all spells.
One of your tentacles grows a vicious spike.
The sky beast closely misses you.
Casting: Beastly Appendage (safe; 2% risk of failure)
Confirm with . or Enter, or press ? or * to list all spells.
Your blood is infused with primal strength.
The sky beast hits you. The sky beast shocks you.
You barely miss the sky beast. The sky beast hits you.
The sky beast shocks you.
You completely miss the sky beast.
The sky beast hits you but does no damage.
You miss the sky beast.
Your tentacle spike misses the sky beast.
The sky beast flickers out of sight!
Deactivating autopickup; reactivate with Ctrl-A.
Something hits you. Something shocks you.
You tentacle-slap something.
Your tentacle spike misses something.
Your squeeze misses something. Something hits you. Something shocks you.
You tentacle-slap something.
You pierce something.
You closely miss something. Something hits you. Something shocks you.
* * * LOW HITPOINT WARNING * * *
You closely miss something.
Your tentacle spike misses something.
Your squeeze misses something. Something hits you.
* * * LOW HITPOINT WARNING * * *
Something shocks you.
* * * LOW HITPOINT WARNING * * *
Okay, then.
You miss something.
You pierce something.
Something hits you but does no damage.
You miss something.
You pierce something.
Your squeeze misses something.
A sky beast appears from thin air!
Reactivating autopickup.
The sky beast hits you.
* * * LOW HITPOINT WARNING * * *
The sky beast shocks you.
You die...

##########
#.Y.......
#.@.#
#...#
.......
#########
.# . ##o#.
#..#.
##...
#####


You could see a sky beast.

Vanquished Creatures
  A kobold demonologist (D:7)
  A steam dragon (D:7)
  Menkaure (D:7)
  A bullfrog (D:7)
  Jessica (D:2)
  2 orc wizards (D:3)
  4 gnolls
  2 adders
  A shadow imp (D:7)
  3 dart slugs (D:1)
  4 orcs (D:3)
  5 endoplasms
  A giant cockroach (D:2)
  3 goblins
  3 hobgoblins
  5 jackals
  6 quokkas
  6 ball pythons
  2 bats
  5 frilled lizards
  7 kobolds
  3 rats
67 creatures vanquished.

Vanquished Creatures (others)
  A ball python (D:1)
1 creature vanquished.

Grand Total: 68 creatures vanquished

Notes
Turn   | Place    | Note
-------+----------+-------------------------------------------
     0 | D:1      | Zeldest the Octopode Transmuter began the quest for the
                  | Orb.
     0 | D:1      | Reached XP level 1. HP: 13/13 MP: 3/3
   100 | D:1      | Reached XP level 2. HP: 18/18 MP: 5/5
   916 | D:2      | Learned a level 2 spell: Wereblood
   947 | D:2      | Reached skill level 1 in Ice Magic
   947 | D:2      | Reached XP level 3. HP: 14/23 MP: 2/6
  1280 | D:2      | Reached XP level 4. HP: 26/29 MP: 4/7
  1433 | D:2      | Noticed Jessica
  1444 | D:2      | Killed Jessica
  1795 | D:2      | Reached XP level 5. HP: 34/34 MP: 8/8
  2005 | D:2      | Learned a level 4 spell: Ice Form
  2030 | D:3      | Found a sacrificial altar of Ru.
  2052 | D:3      | Found a glowing silver altar of Zin.
  2275 | D:3      | Reached skill level 4 in Unarmed Combat
  2465 | D:4      | You fall into a shaft and drop 3 floors!
  2505 | D:6      | Noticed an ogre
  2528 | D:6      | Found a blossoming altar of Fedhas.
  2545 | D:7      | Noticed Menkaure
  2549 | D:7      | Noticed a steam dragon
  2561 | D:7      | Killed Menkaure
  2562 | D:7      | Reached XP level 6. HP: 40/42 MP: 9/9
  2572 | D:7      | Killed a steam dragon
  2573 | D:7      | Reached XP level 7. HP: 46/46 MP: 10/10
  2579 | D:7      | Noticed a kobold demonologist
  2584 | D:7      | Killed a kobold demonologist
  2585 | D:7      | Reached skill level 5 in Unarmed Combat
  2610 | D:7      | Noticed Maggie
  2654 | D:7      | Found a shimmering blue altar of Sif Muna.
  2706 | D:7      | Found an ornate altar of the Wu Jian Council.
  2789 | D:7      | Noticed a troll
  2830 | D:7      | Found a sparkling altar of Nemelex Xobeh.
  2883 | D:6      | HP: 1/48 [sky beast (4)]
  2883 | D:6      | Slain by a sky beast

Illustrated notes

Levels and vault maps discovered:
D:1:      mrwooster_arrival_statue, layout_loops_ring, lemuel_flame_loot_1
D:2:      layout_basic, uniq_jessica
D:3:      layout_rooms, mainiacjoe_overflow_catch_the_wave
D:4:      layout_cave_pools, lemuel_round_altar,
          minmay_temple_entry_stoned_glass, nrook_loot_triangle
D:6:      layout_basic, nicolae_overflow_hidden_temple
D:7:      layout_cave_pools, mainiacjoe_overflow_alcove_1,
          nemelex_spade_bored_becter, led_sif_pool, uniq_maggie, uniq_menkaure

Skill      XL: |  1  2  3  4  5  6  7 |
---------------+----------------------+-----
Ice Magic      | 1 2 3 |  3.9
Fighting       | 2 3 4 |  4.1
Transmutations | 3 4 |  4.5
Unarmed Combat | 4 5 |  5.2
Dodging        | |  2.0
Spellcasting   | |  2.0

Action                   |  1- 3 |  4- 6 |  7- 9 || total
-------------------------+-------+-------+-------++-------
Melee: Unarmed           |    55 |   103 |    11 ||   169
       Constrict         |    13 |    25 |     1 ||    39
       Tentacles         |    11 |    17 |     1 ||    29
       Kick              |     9 |    14 |     4 ||    27
       Punch             |     2 |     4 |       ||     6
 Cast: Beastly Appendage |     5 |    12 |     2 ||    19
       Wereblood         |     3 |     9 |     2 ||    14
Evoke: Wand              |       |     3 |     4 ||     7
  Use: Potion            |       |     1 |       ||     1
 Stab: Sleeping          |     5 |     5 |       ||    10
Armor: Skin              |       |     9 |     2 ||    11
Dodge: Dodged            |    27 |    52 |     3 ||    82
